 Dungeon Crawl Stone Soup version 0.15.2 (webtiles) character file.

77 RottenBandages the Insei (level 4, -11/35 HPs)
             Began as a Mummy Monk on Nov 1, 2015.
             Mangled by an ogre
             ... wielding a +0 giant club
              (14 damage)
             ... on Level 4 of the Dungeon.
             The game lasted 00:01:54 (1502 turns).

RottenBandages the Insei (Mummy Monk)               Turns: 1502, Time: 00:01:54

HP -11/35        AC  8     Str 14      XL: 4   Next: 13%
MP   4/4         EV  9     Int  9      God:
Gold 92          SH  0     Dex 15      Spells:  0 memorised,  3 levels left

rFire  x . .     SeeInvis .       - Unarmed
rCold  + . .     Clarity  .     e - +0 ring mail
rNeg   + + +     rCorr    .     (no shield)
rPois  +         rRot     +     (no helmet)
rElec  .         Spirit   .     (no cloak)
SustAb .         Warding  .     f - +1 pair of gloves
rMut   .         Stasis   .     g - +0 pair of boots
Gourm  .                        (no amulet)
MR     .....                    (no ring)
                                (no ring)

@: not resistant to hostile enchantments, very unstealthy
A: no food or potions, fire vulnerability, restore body, cold resistance 1,
negative energy resistance 3, poison resistance, torment resistance, unbreathing
a: no special abilities


You were on level 4 of the Dungeon.
You were not hungry.

You visited 1 branch of the dungeon, and saw 4 of its levels.

You collected 92 gold pieces.


Innate Abilities, Weirdness & Mutations

You do not eat or drink.
Your flesh is vulnerable to fire.
Your flesh is cold resistant.
You are immune to negative energy.
Your system is resistant to poisons.
You are immune to unholy pain and torment.
You can survive without breathing.


   Skills:
 - Level 3.0 Fighting
 - Level 2.4 Dodging
 - Level 1.5 Stealth
 + Level 4.7 Unarmed Combat


You had 3 spell levels left.
You didn't know any spells.

Inventory:

Missiles
 d - 21 poisoned needles
Armour
 a - a +0 robe
 e - a +0 ring mail (worn)
 f - a +1 pair of gloves (worn)
 g - a +0 pair of boots (worn)
Scrolls
 b - 2 scrolls of magic mapping {unknown}
 c - 2 scrolls of amnesia {unknown}

Dungeon Overview and Level Annotations

Branches:
Dungeon (4/15)
 Temple: D:4-7

Altars:

Annotations:
D:3 Sigmund

..# .....#
......#
.......#
........#
........#
........#
........)#
#..OM#
#..%g#
........#
........#
........#
.......#
......#
.....# ..#


You could see an ogre and a goblin.


Message History

The hobgoblin is heavily wounded.
You closely miss the hobgoblin.
The hobgoblin is heavily wounded.
The hobgoblin hits you but does no damage.
You hit the hobgoblin.
The hobgoblin is severely wounded.
The hobgoblin hits you but does no damage.
You barely miss the hobgoblin.
The hobgoblin is severely wounded.
The hobgoblin hits you but does no damage.
The goblin hits you but does no damage. The ogre hits you with a giant club!
You closely miss the hobgoblin.
The hobgoblin is severely wounded.
The goblin hits you but does no damage.
The hobgoblin hits you but does no damage.
You punch the hobgoblin!
You kill the hobgoblin!
The ogre hits you with a giant club. The goblin hits you.
You hit the ogre. Your punch misses the ogre.
The ogre is lightly wounded.
The ogre hits you with a giant club!!
Ouch! That really hurt!
* * * LOW HITPOINT WARNING * * *
The goblin hits you but does no damage.
You hit the ogre.
The ogre is moderately wounded.
You punch the ogre!
The ogre is heavily wounded.
The goblin hits you but does no damage. The ogre hits you with a giant club!
You die...

Action                   |  1- 3 |  4- 6 || total
-------------------------+-------+-------++-------
Melee: Unarmed           |   139 |    33 ||   172
 Stab: Sleeping          |     2 |       ||     2

Vault maps used:
D:1:      dpeg_arrival_houses_and_road
D:3:      eino_tiny_chamber, minmay_crystal_room, kennysheep_pointless_box,
          grunt_dithmenos_smoke, uniq_sigmund
D:4:      serial_shops, kennysheep_little_box, sigmund_army, uniq_pikel

Notes
Turn   | Place    | Note
--------------------------------------------------------------
     0 | D:1      | RottenBandages, the Mummy Monk, began the quest for the Orb.
     0 | D:1      | Reached XP level 1. HP: 18/18 MP: 1/1
   141 | D:1      | Reached XP level 2. HP: 18/24 MP: 2/2
   291 | D:1      | Reached skill level 4 in Unarmed Combat
   550 | D:1      | Reached XP level 3. HP: 26/29 MP: 3/3
  1252 | D:2      | Reached XP level 4. HP: 33/35 MP: 4/4
  1476 | D:3      | Noticed Sigmund
  1492 | D:4      | Noticed an ogre
  1500 | D:4      | HP: 3/35 [ogre/giant club (18)]
  1502 | D:4      | Mangled by an ogre

Vanquished Creatures
  3 adders (D:2)
  A giant gecko (D:1)
  A ball python (D:2)
  8 giant cockroaches
  8 goblins
  2 hobgoblins
  7 bats
  4 giant newts
  9 kobolds
  11 rats
54 creatures vanquished.
